Map: Acid Plant LE

Players

Elazer - Winner!

  • Race: Zerg Zerg
  • Spawn Location: 5:00

HateMe

  • Race: Zerg Zerg
  • Spawn Location: 11:00

Event: WCS Valencia 2018

VOD

Have the link to the VOD?

Description

Time

  • Played on: July 12, 2018, 11:10 a.m.
  • Length: 9:55

All games in this series

Show
View Real Time Build Order
Export as new Build Order

Elazer Zerg - Winner!

Build Orders: Hatch First 

Get SALT Encoding   

  12  0:00  Drone  
  13  0:12  Overlord  
  13  0:17  Drone  
  14  0:30  Drone x2  
  16  0:48  Hatchery  
  15  0:51  Drone  
  15  0:54  Drone  
  17  0:58  Drone  
  18  1:07  Extractor  
  17  1:13  Spawning Pool  
  17  1:16  Drone  
  17  1:19  Drone  
  18  1:27  Drone  
  19  1:38  Drone  
  20  1:49  Overlord  
  20  1:59  Queen x2  
  20  2:00  Drone  
  20  2:01  Drone  
  26  2:07  Metabolic Boost  
  26  2:10  Drone  
  26  2:11  Zergling x2  
  28  2:21  Drone  
  28  2:22  Drone  
  30  2:33  Zergling x4  
  32  2:39  Hatchery  
  32  2:43  Drone  
  32  2:47  Baneling Nest  
  32  2:50  Overlord  
  31  2:53  Drone  
  31  2:55  Drone  
  33  3:05  Drone x2  
  35  3:07  Drone  
  35  3:09  Drone x3  
  39  3:15  Overlord  
  39  3:17  Drone  
  40  3:23  Drone  
  40  3:24  Drone  
  42  3:30  Zergling x4  
  42  3:32  Baneling  
  44  3:35  Queen  
  44  3:38  Zergling x2  
  44  3:40  Baneling x2  
  47  3:41  Zergling x6  
  47  3:46  Zergling x4  
  51  3:49  Baneling  
  51  3:52  Zergling x2  
  51  4:01  Queen  
  52  4:02  Drone  
  52  4:03  Overlord, Evolution Chamber  
  52  4:06  Zergling x6  
  52  4:08  Baneling  
  54  4:13  Overlord, Drone x2  
  56  4:20  Drone  
  56  4:23  Drone  
  57  4:26  Drone  
  57  4:29  Overlord  
  58  4:33  Drone  
  58  4:39  Drone x4  
  58  4:40  Zerg Missile Weapons Level 1  
  58  4:42  Extractor x2  
  58  4:43  Roach Warren  
  59  4:45  Drone  
  59  4:46  Drone x2  
  59  4:48  Overlord  
  59  4:52  Drone  
  63  4:55  Drone  
  63  4:56  Drone  
  63  4:58  Overlord  
  61  5:02  Overlord  
  61  5:05  Lair, Overlord  
  59  5:07  Extractor  
  59  5:12  Zergling x10  
  60  5:17  Drone  
  60  5:18  Overlord  
  60  5:21  Zergling x6  
  65  5:30  Overlord  
  64  5:36  Hatchery  
  64  5:37  Drone x3  
  64  5:41  Roach  
  64  5:42  Roach  
  69  5:46  Roach x2  
  69  5:48  Overlord  
  69  5:49  Roach  
  75  5:53  Roach  
  75  5:56  Overlord  
  77  5:58  Roach  
  77  6:04  Overlord  
  77  6:05  Drone x2  
  77  6:10  Drone  
  79  6:12  Glial Reconstitution  
  79  6:17  Overlord  
  79  6:19  Drone x3  
  82  6:34  Drone x2  
  82  6:35  Zerg Missile Weapons Level 2  
  82  6:38  Overlord  
  84  6:42  Hatchery  
  84  6:43  Drone x3  
  84  6:49  Overlord  
  84  6:50  Roach  
  84  6:53  Roach x2  
  89  6:58  Roach x2  
  89  7:00  Ravager x2  
  89  7:01  Roach, Ravager  
  98  7:03  Roach  
  98  7:05  Roach  
  102  7:10  Roach x3  
  110  7:15  Roach  
  110  7:16  Roach  
  110  7:19  Roach  
  110  7:20  Roach x2  
  110  7:22  Roach  
  120  7:27  Roach x3  
  124  7:38  Roach x7  
  124  7:41  Roach  
  124  7:42  Roach  
  125  7:45  Roach  
  114  7:52  Roach  
  114  7:53  Roach x4  
  114  7:58  Drone  
  125  8:00  Roach x3  
  132  8:05  Drone x2  
  132  8:06  Extractor  
  132  8:08  Drone x2  
  132  8:12  Drone  
  135  8:14  Ravager x2  
  135  8:15  Roach  
  135  8:16  Roach  
  141  8:21  Roach  
  143  8:28  Roach x6  
  143  8:32  Overlord  
  155  8:38  Pneumatized Carapace  
  155  8:40  Roach  
  155  8:41  Roach  
  159  8:45  Roach  
  159  8:46  Roach x2  
  161  8:50  Ravager  
  161  8:52  Roach  
  161  8:55  Extractor  
  161  8:57  Drone  
  161  8:58  Drone x2  
  161  9:00  Roach x4  
  158  9:10  Roach  
  158  9:11  Roach x5  
  158  9:14  Roach  
  164  9:19  Roach x3  
  164  9:22  Roach x3  
  170  9:28  Roach  
  170  9:29  Roach x3  
  170  9:32  Roach x2  
  170  9:33  Roach  
  172  9:39  Drone x4  
  172  9:41  Extractor  
  173  9:49  Hydralisk Den  
Show
View Real Time Build Order
Export as new Build Order

HateMe Zerg 

Build Orders: Hatch First 

Get SALT Encoding   

  12  0:01  Drone  
  13  0:12  Overlord  
  13  0:17  Drone  
  14  0:30  Drone x2  
  14  0:35  Drone  
  17  0:51  Hatchery  
  17  0:55  Drone  
  17  0:58  Drone  
  17  1:00  Extractor  
  17  1:13  Spawning Pool  
  17  1:16  Drone  
  17  1:19  Drone  
  18  1:28  Drone  
  19  1:38  Overlord  
  19  1:51  Drone  
  20  2:00  Queen  
  20  2:01  Zergling x2  
  23  2:03  Metabolic Boost, Queen  
  23  2:06  Zergling x2  
  26  2:11  Drone  
  26  2:14  Drone  
  28  2:21  Drone  
  29  2:25  Drone  
  30  2:37  Hatchery  
  30  2:41  Drone x2  
  31  2:47  Baneling Nest  
  30  2:54  Drone  
  31  2:59  Zergling x4  
  31  3:04  Overlord  
  33  3:07  Zergling x2  
  33  3:08  Zergling x4  
  36  3:16  Overlord  
  36  3:29  Drone x6  
  36  3:30  Baneling x3  
  42  3:43  Zergling x4  
  42  3:44  Drone x5  
  49  3:49  Drone  
  49  3:54  Drone  
  49  3:55  Drone  
  47  4:02  Evolution Chamber  
  47  4:05  Baneling x2  
  47  4:07  Zergling x6, Roach Warren  
  48  4:10  Zergling x2  
  48  4:16  Queen  
  48  4:17  Drone x2  
  53  4:19  Extractor, Drone  
  52  4:24  Overlord  
  52  4:26  Drone x3  
  52  4:28  Drone  
  56  4:31  Zerg Missile Weapons Level 1  
  54  4:41  Zergling x10  
  57  4:50  Zergling x12  
  62  4:55  Roach x2  
  62  4:58  Roach  
  64  5:04  Drone x3  
  62  5:10  Lair  
  62  5:11  Drone x2  
  63  5:17  Queen  
  63  5:20  Overlord  
  63  5:21  Drone  
  66  5:23  Overlord  
  65  5:28  Overlord x2  
  64  5:36  Extractor x2  
  64  5:37  Overlord  
  64  5:39  Roach x2  
  64  5:41  Overlord  
  66  5:44  Roach x2  
  66  5:47  Roach  
  72  5:50  Baneling  
  72  5:51  Roach  
  72  5:52  Roach  
  72  6:12  Roach  
  72  6:13  Roach x5  
  72  6:15  Overlord  
  84  6:18  Glial Reconstitution  
  84  6:20  Overlord  
  84  6:27  Overlord x2  
  84  6:28  Roach x4  
  84  6:31  Roach  
  93  6:36  Roach x2  
  93  6:38  Roach  
  99  6:44  Roach  
  99  6:45  Roach x2  
  105  6:51  Drone x4  
  109  6:55  Drone  
  109  6:56  Overseer  
  109  6:57  Drone x2  
  112  7:01  Drone  
  112  7:02  Drone x2  
  115  7:09  Overlord  
  115  7:12  Drone x5  
  120  7:19  Drone x3  
  123  7:23  Extractor  
  123  7:24  Extractor  
  113  7:39  Roach x11  
  113  7:42  Roach  
  123  7:45  Roach  
  113  7:58  Spire  
  113  8:03  Roach x2  
  116  8:09  Hatchery  
  116  8:10  Drone  
  116  8:11  Drone x2  
  118  8:13  Drone  
  118  8:14  Drone  
  118  8:19  Roach x2  
  124  8:22  Roach  
  124  8:23  Roach x3  
  132  8:28  Ravager x3  
  132  8:33  Hatchery, Roach x4  
  143  8:38  Overlord x2  
  143  8:45  Overlord x2  
  141  8:50  Overlord  
  139  8:59  Roach x5  
  139  9:00  Roach x2  
  131  9:12  Roach x6  
  127  9:18  Roach  
  127  9:20  Mutalisk x2  
  119  9:26  Mutalisk x3  
Tags
 
Add a new tag
Caveats
  • Supply blocks, unpowered buildings, or Contaminate may cause inaccurate times.
  • Supply counts are checked every 10 seconds.